 Dungeon Crawl Stone Soup version 0.31-a0-536-ga3e2962e35 (webtiles) character file.

Game seed: 12266698819480572787

53 Ethylacetat the Ducker (level 3, 0/25 HPs)
             Began as an Octopode Gladiator on Aug 13, 2023.
             Slain by a kobold
             ... wielding a +0 dagger
              (3 damage)
             ... on level 1 of the Dungeon.
             The game lasted 00:01:17 (366 turns).

Ethylacetat the Ducker (Octopode Gladiator)          Turns: 366, Time: 00:01:18

Health: 0/25       AC:  1    Str: 13    XL:     3   Next: 87%
Magic:  3/3        EV: 14    Int: 10    God:
Gold:   28         SH:  0    Dex: 15    Spells: 2/2 levels left

rFire   . . .        a - +0 long sword
rCold   . . .        (no shield)
rNeg    . . .        b - +0 hat
rPois   .            h - amulet of the acrobat
rElec   .            (no ring)
rCorr   .            (no ring)
SInv    .            (no ring)
Will    .....        (no ring)
Stlth   +++          (no ring)
HPRegen 0.24/turn    (no ring)
MPRegen 0.08/turn    (no ring)
                     (no ring)

%: acrobat
@: no status effects
A: almost no armour, amphibious, 8 rings, camouflage 1, gelatinous body 1,
(nimble swimmer 1), tentacles
a: no special abilities


You were on level 1 of the Dungeon.
You visited 1 branch of the dungeon, and saw 2 of its levels.

You collected 28 gold pieces.

Inventory:

Hand Weapons
 a - a +0 long sword (weapon)
Missiles
 c - 3 throwing nets (quivered)
 d - a javelin
Armour
 b - a +0 hat (worn)
Jewellery
 h - an amulet of the acrobat (around mantle)
Scrolls
 f - a scroll of blinking {unknown}
 g - a scroll of fear {unknown}
 i - a scroll of vulnerability {unknown}
Potions
 e - a potion of ambrosia {unknown}


   Skills:
 + Level 2.6 Fighting
 + Level 3.4 Long Blades
 - Level 2.0 Throwing
 + Level 3.4 Dodging
 + Level 2.2 Stealth


You had 2 spell levels left.
You didn't know any spells.
Your spell library was empty.

Dungeon Overview and Level Annotations

Branches:
Dungeon (2/15)

Altars:
Trog


Innate Abilities, Weirdness & Mutations

You cannot wear most types of armour.
You are amphibious.
You can wear up to eight rings at the same time.
Your skin changes colour to match your surroundings (Stealth+).
Your rubbery body absorbs attacks. (AC +1, EV +1)
((You are camouflaged when in or above water. (Stealth+)))
You have tentacles for arms and can constrict up to eight enemies at once.


Message History

The goblin hits you with a +0 club.
You barely miss the goblin. Your grab misses the goblin.
The goblin closely misses you. The jackal barely misses you.
You hit the jackal. Your grab misses the jackal.
Your squeeze misses the jackal.
The jackal is almost dead.
The jackal barely misses you.
The jackal bites you but does no damage.
The goblin hits you with a +0 club.
An endoplasm comes into view.
The jackal completely misses you.
The endoplasm quivers.
You hit the jackal but do no damage. You grab the jackal.
The jackal is almost dead.
You constrict the jackal.
You kill the jackal!
The jackal bites you but does no damage.
The goblin barely misses you.
You slash the jackal!
You kill the jackal!
The goblin hits you but does no damage. The ball python closely misses you.
The ball python grabs you. The ball python constricts you.
You barely miss the ball python. Your grab misses the ball python.
You squeeze the ball python, but do no damage.
The goblin hits you with a +0 club. The ball python barely misses you.
The ball python constricts you. The goblin hits you with a +0 club.
* * * LOW HITPOINT WARNING * * *
You closely miss the ball python. You grab the ball python.
You squeeze the ball python.
You kill the ball python!
The goblin hits you with a +0 club.
* * * LOW HITPOINT WARNING * * *
The kobold hits you with a +0 dagger.
* * * LOW HITPOINT WARNING * * *
You closely miss the goblin. Your grab misses the goblin.
The goblin barely misses you. The kobold closely misses you.
You slash the goblin!
You kill the goblin!
The endoplasm closely misses you. The kobold hits you with a +0 dagger.
You die...

#.#
.##########..#
## # # #.# ###
#..##.#.# . #.#
##...#(..$...#
# #.#
#.....†#^....##
. #.#
#.....§.......#
.. #.#
#.....§#.....##
..
##.$.##.....##
.
##....>#)....#
.
......J@K....#
.
##.....#†....#
. ##...##.....#
##.. ###.### ##
#.# .. #.. .
.... . ..... ..
#... ..


You could see an endoplasm and a kobold.

Vanquished Creatures
  3 gnolls (D:2)
  3 ball pythons (D:1)
  A bat (D:1)
  3 giant cockroaches (D:1)
  3 goblins (D:1)
  A hobgoblin (D:1)
  4 jackals (D:1)
  A quokka (D:1)
  A frilled lizard (D:1)
  A kobold (D:1)
  2 rats
23 creatures vanquished.

Notes
Turn   | Place    | Note
-------+----------+-------------------------------------------
     0 | D:1      | Ethylacetat the Octopode Gladiator began the quest for the
                  | Orb.
     0 | D:1      | Reached XP level 1. HP: 14/14 MP: 1/1
   133 | D:1      | Reached skill level 1 in Stealth
   133 | D:1      | Reached XP level 2. HP: 19/19 MP: 2/2
   277 | D:1      | You fall into a shaft and drop 1 floor!
   338 | D:2      | Found a bloodstained altar of Trog.
   345 | D:2      | Reached XP level 3. HP: 16/25 MP: 3/3
   366 | D:1      | Slain by a kobold

Illustrated notes

Levels and vault maps discovered:
D:1:      matt_arrival_diagonals, layout_loops_ring
D:2:      layout_loops_cross, shapermc_ecumenical_altar_notcrosses, basic_altar

Skill      XL: |  1  2  3 |
---------------+----------+-----
Stealth        | 1 2 |  2.2
Fighting       | |  2.6
Long Blades    | |  3.4
Throwing       | |  2.0
Dodging        | |  3.4

Action                     || total
---------------------------++-------
  Melee: Long sword        ||    48
         Constrict         ||    11
         Tentacles         ||     6
   Stab: Sleeping          ||     2
 Armour: Skin              ||     7
  Dodge: Dodged            ||    66

Table legend: (Time is in decaauts)
 A = Elapsed time spent in this place.
 B = Non-inter-level travel time spent in this place.
 C = Inter-level travel time spent in this place.
 D = Time resting spent in this place.
 E = Time spent auto-exploring this place.
 F = Levels seen in this place.
 G = Mean time per level.
                   A        B        C        D        E       F      G
               +--------+--------+--------+--------+--------+-----+--------+
         Total |    377 |    377 |      0 |     47 |    220 |   2 |  188.5 |
       Dungeon |    377 |    377 |      0 |     47 |    220 |   2 |  188.5 |
               +--------+--------+--------+--------+--------+-----+--------+

Top non-repeatable levels by time:
     D:1: 295 daAuts
     D:2: 82 daAuts
